Map: Site Delta LE

Players

ForJumyyyy (ForJumy) - Winner!

  • Race: Protoss Protoss
  • League: Master
  • Spawn Location: 11:00

RedpackCuKu (CuKu)

  • Race: Terran Terran
  • Spawn Location: 5:00

Event: HomeStory Cup XXV

VOD

Have the link to the VOD?

Description

Time

  • Played on: June 22, 2024, 8:43 a.m.
  • Length: 12:57

All games in this series

Show
View Real Time Build Order
Export as new Build Order

ForJumyyyy Protoss - Winner!

Build Orders: 1 Gate Expand 

Get SALT Encoding   

  12  0:01  Probe  
  13  0:13  Probe  
  14  0:18  Pylon  
  14  0:25  Probe  
  15  0:37  Gateway  
  15  0:40  Probe (Chrono Boost)  
  17  0:50  Probe (Chrono Boost)  
  17  0:54  Assimilator  
  17  0:55  Probe (Chrono Boost)  
  18  1:06  Probe  
  20  1:18  Probe  
  20  1:24  Cybernetics Core  
  20  1:40  Nexus  
  20  1:47  Pylon  
  20  1:50  Probe  
  21  1:58  Adept (Chrono Boost)  
  23  2:04  Warp Gate  
  23  2:05  Probe  
  24  2:09  Assimilator  
  24  2:20  Adept  
  24  2:21  Probe  
  26  2:33  Probe  
  27  2:41  Twilight Council  
  27  2:45  Probe (Chrono Boost)  
  28  2:53  Probe (Chrono Boost)  
  28  2:57  Probe (Chrono Boost)  
  30  3:02  Gateway  
  30  3:03  Probe (Chrono Boost)  
  30  3:04  Probe (Chrono Boost)  
  32  3:09  Probe (Chrono Boost)  
  32  3:11  Robotics Facility  
  35  3:21  Probe x2 (Chrono Boost)  
  35  3:24  Charge (Chrono Boost)  
  35  3:27  Gateway  
  35  3:28  Probe (Chrono Boost)  
  35  3:29  Probe (Chrono Boost)  
  37  3:40  Probe  
  37  3:41  Gateway  
  38  3:45  Pylon, Probe  
  39  3:55  Probe  
  40  3:56  Warp Prism (Chrono Boost)  
  40  3:57  Stalker  
  44  4:04  Zealot  
  44  4:05  Probe  
  44  4:08  Probe  
  46  4:17  Probe  
  46  4:20  Probe  
  46  4:22  Zealot x2  
  52  4:24  Zealot  
  52  4:26  Pylon  
  54  4:32  Pylon  
  54  4:44  Observer, Probe x2  
  55  4:56  Zealot x2  
  55  4:57  Zealot x2  
  55  4:58  Probe  
  55  4:59  Pylon  
  64  5:03  Probe  
  65  5:10  Probe  
  60  5:17  Probe  
  60  5:20  Nexus  
  60  5:21  Observer (Chrono Boost), Templar Archives  
  59  5:22  Probe  
  59  5:25  Stalker x2, Observer  
  62  5:29  Probe  
  62  5:31  Shield Battery  
  62  5:34  Observer  
  59  5:38  Probe  
  59  5:41  Probe  
  61  5:51  Probe, Pylon  
  61  5:55  Observer  
  62  5:57  Zealot x4  
  62  5:58  Probe  
  62  6:03  Probe  
  72  6:07  Observer  
  72  6:08  Assimilator  
  72  6:09  Assimilator  
  72  6:10  Probe  
  73  6:16  Probe  
  73  6:22  Probe  
  74  6:29  Forge  
  74  6:30  Gateway  
  74  6:33  Probe  
  74  6:35  Zealot x4  
  74  6:36  Probe  
  79  6:44  Psionic Storm  
  79  6:46  Probe (Chrono Boost)  
  63  6:57  Probe (Chrono Boost)  
  63  6:58  Probe (Chrono Boost)  
  63  7:00  Probe (Chrono Boost)  
  57  7:01  Observer  
  57  7:03  High Templar x2  
  57  7:04  Protoss Ground Armor Level 1 (Chrono Boost)  
  57  7:06  Probe (Chrono Boost)  
  57  7:08  Probe x2 (Chrono Boost)  
  64  7:14  Probe (Chrono Boost)  
  64  7:15  Probe (Chrono Boost)  
  67  7:17  Probe (Chrono Boost)  
  67  7:20  Probe  
  67  7:22  Probe  
  66  7:24  High Templar  
  66  7:27  Probe  
  66  7:28  Gateway  
  66  7:29  Gateway  
  70  7:34  Probe  
  70  7:36  Pylon  
  69  7:41  Probe  
  69  7:44  Shield Battery  
  69  7:47  Zealot x3  
  73  7:54  Zealot  
  73  7:55  Gateway  
  71  7:59  Probe x2  
  73  8:05  Observer  
  73  8:09  Warp Prism  
  73  8:10  Probe  
  73  8:11  Probe  
  77  8:15  Stalker  
  76  8:21  High Templar  
  76  8:22  High Templar x3  
  76  8:23  Probe (Chrono Boost)  
  76  8:25  Probe (Chrono Boost)  
  85  8:32  Probe (Chrono Boost)  
  87  8:35  Probe (Chrono Boost)  
  87  8:37  Probe (Chrono Boost)  
  89  8:42  Archon, Probe (Chrono Boost), Immortal (Chrono Boost)  
  89  8:43  Archon  
  89  8:44  Probe (Chrono Boost)  
  94  8:56  High Templar x2  
  94  8:59  Probe  
  94  9:00  Pylon  
  94  9:01  Zealot x4, Archon  
  107  9:03  Observer, Protoss Ground Armor Level 2 (Chrono Boost)  
  107  9:05  Pylon  
  107  9:07  Observer  
  106  9:11  Observer, Probe  
  106  9:13  Assimilator  
  106  9:14  Probe  
  106  9:15  Warp Prism (Chrono Boost)  
  108  9:17  Probe  
  111  9:30  Stalker, Blink (Chrono Boost)  
  113  9:31  Probe  
  113  9:32  Probe  
  113  9:34  Stalker  
  113  9:38  Zealot  
  118  9:39  Probe  
  118  9:44  Pylon  
  118  9:45  Pylon  
  119  9:49  Immortal (Chrono Boost)  
  123  9:53  High Templar  
  125  10:00  Assimilator  
  125  10:01  Pylon  
  125  10:02  Probe  
  125  10:03  Pylon  
  125  10:09  Zealot x4  
  125  10:10  High Templar  
  125  10:13  High Templar  
  137  10:17  Probe, Pylon  
  137  10:18  Pylon  
  138  10:24  Observer (Chrono Boost)  
  137  10:36  Immortal (Chrono Boost)  
  141  10:44  Zealot x4  
  149  10:55  Zealot x4  
  155  11:02  Robotics Bay  
  149  11:11  Immortal  
  149  11:15  High Templar  
  149  11:16  High Templar  
  157  11:21  Archon, Pylon  
  157  11:30  Zealot x6  
  154  11:49  Stalker x2  
  154  11:50  Disruptor (Chrono Boost)  
  154  11:52  Zealot  
  154  11:53  Zealot x3  
  162  11:56  Nexus  
  162  12:01  Pylon  
  158  12:07  Probe  
  159  12:13  Zealot x5  
  169  12:20  Robotics Facility  
  169  12:26  Disruptor (Chrono Boost)  
  134  12:54  Zealot x8  
Show
View Real Time Build Order
Export as new Build Order

RedpackCuKu Terran 

Build Orders: Banshee Rush 

Get SALT Encoding   

  12  0:00  SCV  
  13  0:12  SCV  
  14  0:18  Supply Depot  
  14  0:25  SCV  
  15  0:39  SCV  
  15  0:41  Barracks  
  16  0:46  Refinery  
  16  0:51  SCV  
  17  1:03  SCV  
  18  1:16  SCV  
  19  1:31  Orbital Command, Barracks Reactor  
  19  1:45  Command Center  
  19  1:56  Supply Depot  
  19  1:57  SCV  
  20  2:07  Marine x2  
  22  2:09  SCV  
  23  2:21  Factory  
  23  2:22  SCV  
  24  2:24  Marine  
  25  2:30  Refinery  
  25  2:34  SCV  
  26  2:42  Marine x2  
  28  2:46  SCV  
  29  2:59  SCV  
  29  3:02  Marine  
  31  3:07  Marine  
  31  3:08  Orbital Command, Starport, Hellion  
  31  3:11  SCV  
  35  3:25  Supply Depot  
  35  3:26  Marine x2  
  37  3:27  SCV  
  37  3:31  Factory Tech Lab  
  38  3:36  SCV  
  38  3:40  SCV  
  40  3:44  Marine x2  
  42  3:48  SCV  
  42  3:52  SCV  
  44  3:55  Cloaking Field, Factory Tech Lab  
  44  3:56  Banshee  
  44  4:01  SCV  
  48  4:05  Marine x2  
  48  4:06  SCV  
  48  4:09  Supply Depot  
  51  4:15  Siege Tank  
  52  4:18  SCV  
  52  4:22  Barracks  
  53  4:25  SCV  
  53  4:26  Supply Depot  
  53  4:30  Marine x2  
  53  4:31  SCV  
  57  4:34  Barracks  
  57  4:39  Banshee  
  57  4:40  SCV  
  57  4:43  SCV  
  60  4:50  Marine x2  
  60  4:51  Siege Tank  
  66  4:52  SCV  
  66  4:55  SCV  
  66  4:59  Supply Depot  
  67  5:04  SCV  
  64  5:08  Marine  
  64  5:09  Marine  
  53  5:23  Marine x2  
  53  5:26  Marine  
  56  5:31  Marine  
  57  5:41  Marine x2  
  59  5:43  Banshee  
  59  5:44  Siege Tank, Marine  
  59  5:47  SCV  
  67  5:53  SCV  
  68  6:00  Supply Depot x2, Marine x2  
  68  6:03  Marine x2  
  68  6:04  SCV  
  72  6:21  SCV  
  72  6:23  SCV, Marine x2  
  76  6:26  Marine, Refinery  
  76  6:27  Engineering Bay  
  75  6:33  SCV  
  75  6:35  SCV  
  74  6:43  Marine  
  74  6:45  SCV  
  67  6:54  Marine x2  
  67  6:55  Marine  
  67  6:58  SCV x2  
  67  7:01  Marine  
  69  7:03  Combat Shield, Stimpack  
  69  7:08  Supply Depot, Terran Infantry Weapons Level 1  
  69  7:09  Factory Reactor  
  69  7:10  SCV x2  
  69  7:12  Marine, Starport Reactor  
  72  7:16  Marine x2  
  72  7:18  Marine  
  73  7:22  SCV  
  73  7:23  SCV  
  74  7:30  Marine  
  74  7:34  Marine x2  
  74  7:35  SCV x2  
  74  7:36  Marine  
  80  7:47  SCV, Marine, Widow Mine x2  
  80  7:48  SCV  
  87  7:51  Marine  
  87  7:52  Supply Depot, Marine  
  87  7:54  Marine  
  90  8:04  Bunker  
  90  8:05  Marine  
  90  8:08  SCV, Widow Mine  
  90  8:09  Marine  
  90  8:10  Marauder  
  90  8:12  Marine  
  98  8:13  SCV  
  98  8:15  Widow Mine  
  101  8:21  SCV  
  101  8:25  Supply Depot  
  101  8:26  Marine  
  103  8:30  Marine, Widow Mine  
  109  8:38  Command Center  
  106  8:42  Medivac x2  
  110  8:57  SCV  
  110  9:00  Ghost Academy, Barracks  
  110  9:01  Barracks  
  111  9:03  Supply Depot  
  111  9:04  Supply Depot  
  111  9:06  Terran Infantry Armor Level 1  
  115  9:31  Marine  
  115  9:32  Marine  
  117  9:39  Medivac x2  
  117  9:41  Widow Mine x2  
  117  9:42  Ghost x2  
  125  9:47  Supply Depot, Refinery  
  125  9:48  Supply Depot  
  125  9:49  Marine x2  
  125  9:51  Barracks Tech Lab, Barracks Reactor  
  125  9:52  Orbital Command  
  127  9:53  SCV  
  128  10:07  Marine x2  
  128  10:11  Ghost  
  132  10:22  Orbital Command, Marauder  
  132  10:23  Marauder  
  132  10:24  SCV  
  132  10:25  Marine  
  132  10:27  SCV  
  139  10:29  Concussive Shells  
  139  10:36  SCV  
  139  10:38  Marine x2  
  139  10:39  Ghost  
  144  10:43  Marine x2  
  144  10:44  Marauder  
  144  10:46  Medivac x2  
  144  10:47  Widow Mine x2  
  156  10:50  SCV x3  
  159  11:03  Marauder  
  157  11:04  Marine  
  157  11:05  Marine, Marauder  
  157  11:06  SCV  
  157  11:10  SCV x2  
  164  11:13  Sensor Tower  
  164  11:17  Marine  
  165  11:22  Supply Depot, Marine  
  165  11:23  Supply Depot, Engineering Bay  
  166  11:27  Armory  
  165  11:34  Marauder  
  165  11:35  Marine, Marauder  
  165  11:36  Marine, Marauder  
  165  11:37  Marine  
  165  11:46  Missile Turret  
  155  11:52  Marine  
  154  11:55  Marauder  
  154  11:57  Marine x2, Marauder  
  154  12:00  Marine  
  155  12:02  SCV  
  155  12:03  SCV  
  155  12:08  SCV  
  158  12:10  Marine  
  158  12:14  SCV  
  146  12:30  Marauder  
Tags
 
Add a new tag
Caveats
  • Supply blocks, unpowered buildings, or Contaminate may cause inaccurate times.
  • Supply counts are checked every 10 seconds.